 Dungeon Crawl Stone Soup version 0.27-a0-1384-g1422d76b99 (webtiles) character file.

Game seed: 18054684453324294647

218 Sobieck the Stinger (level 5, 38/38 HPs)
             Began as a Gnoll Venom Mage on June 30, 2021.
             Got out of the dungeon alive.
             The game lasted 00:09:23 (3806 turns).

Sobieck the Stinger (Gnoll Venom Mage)              Turns: 3806, Time: 00:09:24

Health: 38/38      AC:  3    Str:  7      XL:     5   Next: 95%
Magic:  12/12      EV: 13    Int: 12 (15) God:
Gold:   71         SH:  0    Dex: 13      Spells: 1/14 levels left

rFire    + . .     SeeInvis +   a - +4 dagger {short}
rCold    x . .     Faith    .   (no shield)
rNeg     . . .     Spirit   .   h - +0 robe
rPois    .         Reflect  .   (no helmet)
rElec    .         Harm     .   (no cloak)
rCorr    .         Rampage  .   (no gloves)
Will     .....                  j - +0 pair of boots
Stlth    +++.......             f - amulet of magic regeneration {@e2}
HPRegen  0.12/turn              s - ring of see invisible
MPRegen  0.38/turn              y - ring of fire

@: no status effects
A: fangs 1, strong nose, distributed training
a: no special abilities


You escaped.
You visited 1 branch of the dungeon, and saw 4 of its levels.

You collected 71 gold pieces.


Innate Abilities, Weirdness & Mutations

You have very sharp teeth.
Your uncanny sense of smell can sniff out nearby items.
Your experience applies equally to all skills.


   Skills:
 + Level 1.7 Fighting
 + Level 1.7 Short Blades
 + Level 1.7 Long Blades
 + Level 1.7 Axes
 + Level 1.7 Maces & Flails
 + Level 1.7 Polearms
 + Level 1.7 Staves
 + Level 1.7 Slings
 + Level 1.7 Bows
 + Level 1.7 Crossbows
 + Level 1.7 Throwing
 + Level 1.7 Armour
 + Level 4.9 Dodging
 + Level 4.5 Stealth
 + Level 1.7 Shields
 + Level 1.7 Unarmed Combat
 + Level 5.2 Spellcasting
 + Level 1.3 Conjurations
 + Level 1.3 Hexes
 + Level 1.3 Summonings
 + Level 1.3 Necromancy
 + Level 1.3 Translocations
 + Level 2.5 Transmutations
 + Level 1.3 Fire Magic
 + Level 1.3 Ice Magic
 + Level 1.3 Air Magic
 + Level 1.3 Earth Magic
 + Level 5.6 Poison Magic
 + Level 1.9 Invocations
 + Level 1.7 Evocations


You had one spell level left.
You knew the following spells:

 Your Spells              Type           Power      Damage    Failure   Level
a - Sting                 Tmut/Pois      48%        1d5       3%          1
b - Poisonous Vapours     Pois/Air       22%        N/A       7%          2
c - Ignite Poison         Fire/Tmut/Pois 16%        N/A       16%         3
d - Mephitic Cloud        Conj/Pois/Air  9%         N/A       19%         3
e - Olgreb's Toxic Radia  Pois           16%        N/A       19%         4

Your spell library contained the following spells:

 Spells                   Type           Power      Damage    Failure   Level


Inventory:

Hand Weapons
 a - a +4 dagger (weapon) {short}
   (You took it off a goblin on level 2 of the Dungeon)
 c - a +0 dagger {short}
   (You took it off a goblin on level 1 of the Dungeon)
 m - a +0 falchion of holy wrath {long}
   (You took it off Terence on level 2 of the Dungeon)
 p - a +1 short sword of holy wrath {short}
   (You took it off a kobold on level 3 of the Dungeon)
 v - a +1 whip of freezing {mace}
   (You took it off an orc priest on level 3 of the Dungeon)
 A - a +2 flail of protection {mace}
   (You took it off a gnoll on level 3 of the Dungeon)
Missiles
 b - 114 stones {throwing}
 d - a throwing net {=f!fthrowing}
 g - 34 arrows
 i - 16 bolts
 n - 18 poisoned darts {throwing}
Armour
 h - a +0 robe (worn)
 j - a +0 pair of boots (worn)
   (You found it on level 2 of the Dungeon)
Jewellery
 f - an amulet of magic regeneration (around neck) {@e2}
   (You found it on level 1 of the Dungeon)
 s - a ring of see invisible (left hand)
   (You found it on level 3 of the Dungeon)
 t - an amulet of the acrobat
   (You found it on level 3 of the Dungeon)
 y - a ring of fire (right hand)
   (You found it on level 3 of the Dungeon)
Wands
 q - a wand of iceblast (8)
   (You found it on level 3 of the Dungeon)
Scrolls
 k - a scroll of fog {unknown}
 o - a scroll of amnesia {unknown}
 r - a scroll of identify {unknown}
 u - a scroll of summoning {unknown}
 z - 3 scrolls of vulnerability {unknown}
Potions
 e - 4 potions of curing {unknown}
 l - 2 potions of brilliance {unknown}
 w - a potion of degeneration {unknown}
 x - a potion of attraction {unknown}

Dungeon Overview and Level Annotations

Branches:
Dungeon (4/15)
 Temple: D:4-7

Altars:
Dithmenos
Elyvilon
Qazlal
Sif Muna

Shops:
D:2

( .....# #.# #.#
####.# #.# #.# #.# #.#
#.#
####.#####.###.#######
................>....#
.....................#
#...######...######..#
#...#....#...#....#..#
#...#....#...#..@.#..#
##'##....##'##....#..#
#...###'##...###'##..#
'...'....+...'...#...#
##.###############...#
##.####.###.##.##....#
.....###..##..###...##
.###...###...###...##
##.####....#####...#


There were no monsters in sight!


Message History

Aim: a gnoll, wielding a +0 whip (77% to hit)
The sting hits the gnoll.
The gnoll is poisoned. 😎 MP[-1]
You lost 1 mp, and now have 6/12 mp.
You closely miss the gnoll. You hit the gnoll.
The gnoll hits you with a +0 whip. 😕 HP[-3] MP[+1]
You take 3 damage, and now have 34/37 hp.
You hit the gnoll but do no damage.
The gnoll looks more healthy.
The gnoll hits you with a +0 whip. 😕 HP[-3]
You take 3 damage, and now have 31/37 hp.
You hit the gnoll. The gnoll misses you.
You hit the gnoll.
You kill the gnoll!
Sif Muna accepts your kill. 😕 HP[+1] MP[+1]
You now have 38 max hp (+1).
Things that are here:
a +0 whip {mace}; a gnoll corpse 😕 MP[+1]
(D) Dungeon
Where to? (Enter - D:4, ? - help)
Things that are here:
a +0 whip {mace}; a gnoll corpse
There is an open door here.
A - a +2 flail of protection {mace} You see here a gnoll corpse.
A gnoll is nearby! 😕 HP[+2] MP[+3]
You regained 2 hp, and now have 34/38 hp.
Your mp is fully restored (12).
No target in view!
No target in view!
No target in view!
There is an open door here. 😕 HP[+1] No target in view!
No target in view!
Really renounce your faith, foregoing its fabulous benefits?
Are you sure?
You have lost your religion!
Sif Muna does not appreciate desertion!
No target in view!
No target in view!
You are not religious.
Unknown command.
A gnoll is nearby!
The gnoll shouts!
The gnoll hits you with a +0 flail. 😕 HP[-2]
You take 2 damage, and now have 33/38 hp.
You barely miss the gnoll.
The gnoll hits you with a +0 flail. 😕 HP[-4]
You take 4 damage, and now have 29/38 hp.
You completely miss the gnoll. Your bite misses the gnoll.
The gnoll closely misses you.
You hit the gnoll but do no damage. The gnoll barely misses you. 😕 HP[+1]
You hit the gnoll.
The gnoll hits you with a +0 flail. 😮 HP[-2]
You take 2 damage, and now have 28/38 hp.
You are too injured to fight recklessly!
You are too injured to fight recklessly!
You are too injured to fight recklessly!
You are too injured to fight recklessly!
You hit the gnoll. Your bite misses the gnoll. The gnoll closely misses you.
You hit the gnoll but do no damage. The gnoll misses you.
You closely miss the gnoll. You bite the gnoll, but do no damage.
The gnoll hits you but does no damage.
You puncture the gnoll!
You kill the gnoll!
Things that are here:
a +0 flail {mace}; a gnoll corpse You start resting.
Sif Muna's wrath finds you.
You feel dopey. 😕 HP[+4]
You regained 4 hp, and now have 32/38 hp.
(D) Dungeon
Where to? (Enter - D:2, ? - help)
There is a stone staircase leading up here.
You climb upwards.
There is a stone staircase leading down here. 😕 HP[+3]
You regained 3 hp, and now have 35/38 hp.
(D) Dungeon
Where to? (Enter - D:2, ? - help)
You see here a +0 leather armour.
There is a stone staircase leading up here.
You climb upwards.
There is a stone staircase leading down here. 😎 HP[+3]
Your hp is fully restored (38).
There is an open door here.
There is an open door here.
There is an open door here.
There is a staircase leading out of the dungeon here.
Are you sure you want to leave the Dungeon?
This will make you lose the game!
You have escaped!

Skill      XL: |  1  2  3  4 |
---------------+-------------+-----
Transmutations | 2 |  2.5
Spellcasting   | 5 |  5.2
Invocations    | 1 |  1.9
Fighting       | 1 |  1.7
Short Blades   | 1 |  1.7
Long Blades    | 1 |  1.7
Axes           | 1 |  1.7
Maces & Flails | 1 |  1.7
Polearms       | 1 |  1.7
Staves         | 1 |  1.7
Slings         | 1 |  1.7
Bows           | 1 |  1.7
Crossbows      | 1 |  1.7
Throwing       | 1 |  1.7
Armour         | 1 |  1.7
Shields        | 1 |  1.7
Unarmed Combat | 1 |  1.7
Evocations     | 1 |  1.7
Conjurations   | 1 |  1.3
Hexes          | 1 |  1.3
Summonings     | 1 |  1.3
Necromancy     | 1 |  1.3
Translocations | 1 |  1.3
Fire Magic     | 1 |  1.3
Ice Magic      | 1 |  1.3
Air Magic      | 1 |  1.3
Earth Magic    | 1 |  1.3
Dodging        | |  4.9
Stealth        | |  4.5
Poison Magic   | |  5.6

Action                   |  1- 3 |  4- 6 || total
-------------------------+-------+-------++-------
Melee: Dagger            |    33 |    91 ||   124
       Unarmed           |     1 |       ||     1
       Bite              |     1 |     3 ||     4
Throw: Stone             |     1 |       ||     1
 Cast: Sting             |    45 |     7 ||    52
       Poisonous Vapours |    15 |    60 ||    75
Invok: Renounce Religion |       |     1 ||     1
 Stab: Sleeping          |       |     3 ||     3
Armor: Robe              |     8 |    15 ||    23
Dodge: Dodged            |    21 |    50 ||    71

Levels and vault maps discovered:
D:1:      arrival_zaba_pyramid, layout_basic, basic_ecumenical_altar,
          hex_intersection
D:2:      layout_loops_ring, serial_shops, nicolae_shop_stone,
          minmay_door_square, minmay_split_cup_small, uniq_terence
D:3:      layout_loops_corners, grunt_temple_overflow_open,
          lexackson_kobold_supper
D:4:      layout_basic, trog_ov_bears_minmay, nicolae_overflow_crystal_walls,
          grunt_ministairs_13, uniq_edmund

Notes
Turn   | Place    | Note
-------+----------+-------------------------------------------
     0 | D:1      | Sobieck the Gnoll Venom Mage began the quest for the Orb.
     0 | D:1      | Reached XP level 1. HP: 13/13 MP: 6/6
     0 | D:1      | magus.rc [v1.9.6]
   136 | D:1      | Reached skill level 2 in Transmutations
   241 | D:1      | Reached XP level 2. HP: 17/19 MP: 4/7
   290 | D:1      | Learned a level 2 spell: Poisonous Vapours
   743 | D:1      | Found a faded altar of an unknown god.
   754 | D:1      | Reached XP level 3. HP: 21/25 MP: 3/9
  1028 | D:1      | HP: 5/25 [gnoll (8)]
  1030 | D:1      | Reached skill level 5 in Spellcasting
  1454 | D:2      | Reached skill level 1 in Invocations
  1568 | D:2      | Found Nuwil's Antique Weapon Boutique.
  1642 | D:2      | Reached skill level 1 in Fighting
  1642 | D:2      | Reached skill level 1 in Short Blades
  1642 | D:2      | Reached skill level 1 in Long Blades
  1642 | D:2      | Reached skill level 1 in Axes
  1642 | D:2      | Reached skill level 1 in Maces & Flails
  1642 | D:2      | Reached skill level 1 in Polearms
  1642 | D:2      | Reached skill level 1 in Staves
  1642 | D:2      | Reached skill level 1 in Slings
  1642 | D:2      | Reached skill level 1 in Bows
  1642 | D:2      | Reached skill level 1 in Crossbows
  1642 | D:2      | Reached skill level 1 in Throwing
  1642 | D:2      | Reached skill level 1 in Armour
  1642 | D:2      | Reached skill level 1 in Shields
  1642 | D:2      | Reached skill level 1 in Unarmed Combat
  1642 | D:2      | Reached skill level 1 in Evocations
  1648 | D:2      | Reached XP level 4. HP: 21/32 MP: 6/11
  1810 | D:2      | Noticed Terence
  1824 | D:2      | Killed Terence
  1884 | D:2      | Reached skill level 1 in Conjurations
  1884 | D:2      | Reached skill level 1 in Hexes
  1884 | D:2      | Reached skill level 1 in Summonings
  1884 | D:2      | Reached skill level 1 in Necromancy
  1884 | D:2      | Reached skill level 1 in Translocations
  1884 | D:2      | Reached skill level 1 in Fire Magic
  1884 | D:2      | Reached skill level 1 in Ice Magic
  1884 | D:2      | Reached skill level 1 in Air Magic
  1884 | D:2      | Reached skill level 1 in Earth Magic
  1888 | D:2      | Learned a level 3 spell: Ignite Poison
  2728 | D:3      | Found a white marble altar of Elyvilon.
  2731 | D:3      | Found a shadowy altar of Dithmenos.
  2731 | D:3      | Found a stormy altar of Qazlal.
  2741 | D:3      | Found a shimmering blue altar of Sif Muna.
  2748 | D:3      | Reached XP level 5. HP: 37/37 MP: 3/12
  2762 | D:3      | Became a worshipper of Sif Muna the Loreminder
  2781 | D:3      | Learned a level 3 spell: Mephitic Cloud
  2786 | D:3      | Learned a level 4 spell: Olgreb's Toxic Radiance
  3696 | D:3      | Fell from the grace of Sif Muna
  3806 | D:$      | Got out of the dungeon alive.

Vanquished Creatures
  An orc priest (D:3)
  Terence (D:2)
  5 gnolls
  3 adders
  2 worms
  5 orcs (D:3)
  6 ball pythons
  5 bats
  7 endoplasms
  2 giant cockroaches (D:1)
  7 goblins
  7 hobgoblins
  2 jackals (D:2)
  10 kobolds
  4 quokkas
  7 frilled lizards
  4 rats
78 creatures vanquished.

Vanquished Creatures (others)
  4 plants (D:3)
4 creatures vanquished.

Grand Total: 82 creatures vanquished

Table legend:
 A = Non-vault XP
 B = Vault XP
 C = Vault XP percentage of total XP
 D = Non-vault monster count
 E = Vault monster count
 F = Vault count percentage of total count
                 A         B        C        D         E       F
            +---------+---------+-------+---------+---------+-------
      Total |     248 |      64 |  20.5 |      65 |      13 |  16.7
            +---------+---------+-------+---------+---------+-------
        D:1 |      50 |       0 |   0.0 |      22 |       0 |   0.0
        D:2 |      36 |      52 |  59.1 |      18 |       4 |  18.2
        D:3 |     162 |      10 |   5.8 |      25 |       8 |  24.2
        D:4 |       0 |       2 | 100.0 |       0 |       1 | 100.0
            +---------+---------+-------+---------+---------+-------

Illustrated notes

Table legend:
 A = Kills in this place as a percentage of kills in entire the game.
 B = Kills by you in this place as a percentage of kills by you in the entire game.
 C = Kills by friends in this place as a percentage of kills by friends in the entire game.
 D = Other kills in this place as a percentage of other kills in the entire game.
 E = Experience gained in this place as a percentage of experience gained in the entire game.
 F = Experience gained in this place divided by the number of levels of this place that you have seen.
                   A       B       C       D       E      F
               +-------+-------+-------+-------+-------+----------------------
         Total | 100.0 | 100.0 |   N/A |   N/A | 100.0 |  78.0
       Dungeon | 100.0 | 100.0 |   N/A |   N/A | 100.0 |  78.0
               +-------+-------+-------+-------+-------+----------------------

Table legend: (Time is in decaauts)
 A = Elapsed time spent in this place.
 B = Non-inter-level travel time spent in this place.
 C = Inter-level travel time spent in this place.
 D = Time resting spent in this place.
 E = Time spent auto-exploring this place.
 F = Levels seen in this place.
 G = Mean time per level.
                   A        B        C        D        E       F      G
               +--------+--------+--------+--------+--------+-----+--------+
         Total |   3806 |   3602 |    204 |    879 |   2087 |   4 |  951.5 |
       Dungeon |   3806 |   3602 |    204 |    879 |   2087 |   4 |  951.5 |
               +--------+--------+--------+--------+--------+-----+--------+

Top non-repeatable levels by time:
     D:3: 1388 daAuts
     D:1: 1376 daAuts
     D:2: 1029 daAuts
     D:4: 12 daAuts
